Map: Lerilak Crest

Players

LiquidBunny (Bunny)

  • Race: Terran Terran
  • League: Grandmaster

HeroMarine - Winner!

  • Race: Terran Terran
  • League: Grandmaster

Event: Homestory Cup XII

VOD

Have the link to the VOD?

Description

Time

  • Played on: Dec. 19, 2015, 10:09 a.m.
  • Length: 14:47

All games in this series

Show
View Real Time Build Order
Export as new Build Order

LiquidBunny Terran 

Build Orders: Bio Tank 

Get SALT Encoding   

  12  0:00  SCV  
  13  0:13  SCV  
  14  0:17  Supply Depot  
  14  0:25  SCV  
  15  0:38  SCV  
  15  0:40  Barracks  
  16  0:43  Refinery  
  16  0:50  SCV  
  17  1:02  SCV  
  18  1:14  SCV  
  19  1:27  Orbital Command  
  19  1:28  Barracks Reactor  
  19  1:39  Command Center  
  19  1:45  Refinery  
  19  1:52  SCV  
  20  1:55  Supply Depot  
  20  2:04  SCV, Reaper x2  
  23  2:17  SCV  
  24  2:22  Bunker  
  24  2:25  Factory  
  24  2:29  SCV  
  25  2:36  Marine x2  
  27  2:41  SCV  
  28  2:53  SCV, Marine x2  
  28  2:54  Orbital Command  
  31  3:05  SCV  
  30  3:10  Starport  
  30  3:11  Factory Tech Lab  
  28  3:14  Marine x2  
  30  3:21  SCV  
  30  3:24  SCV  
  32  3:32  Cyclone  
  32  3:33  SCV  
  36  3:37  SCV  
  36  3:38  Marine  
  36  3:40  Marine  
  39  3:46  Medivac  
  39  3:47  Supply Depot  
  41  3:48  SCV  
  41  3:49  SCV  
  43  3:56  Marine  
  43  3:57  Marine  
  43  4:00  SCV  
  43  4:01  Engineering Bay  
  46  4:09  SCV  
  47  4:12  Supply Depot  
  47  4:13  SCV  
  47  4:15  Marine x2  
  50  4:21  SCV, Siege Tank  
  54  4:25  Supply Depot  
  54  4:34  SCV x2  
  56  4:41  Missile Turret  
  56  4:46  SCV x2  
  56  4:49  Viking  
  56  4:50  Marine x2  
  62  4:58  SCV x2  
  64  5:10  SCV x2  
  64  5:13  Barracks  
  65  5:14  Barracks  
  65  5:17  Marine x2  
  65  5:18  Siege Tank  
  65  5:20  Refinery  
  68  5:22  SCV x2  
  69  5:34  Terran Infantry Weapons Level 1, SCV x2, Starport Reactor  
  70  5:42  Supply Depot  
  70  5:43  Supply Depot, Marine x2  
  70  5:46  SCV  
  70  5:47  SCV  
  74  5:51  Refinery  
  74  5:54  Supply Depot  
  74  5:58  SCV  
  74  6:00  Barracks Tech Lab  
  74  6:01  Barracks Tech Lab  
  75  6:04  Barracks  
  75  6:05  Siege Tank, Barracks  
  78  6:11  SCV x2  
  78  6:13  Marine x2  
  82  6:21  Combat Shields  
  82  6:22  Stimpack  
  82  6:23  Medivac  
  82  6:24  Marine x2  
  86  6:31  Marine x2  
  88  6:38  Supply Depot  
  88  6:40  Siege Tank  
  88  6:41  Marine x2, Medivac  
  95  6:47  Supply Depot  
  95  6:49  Marine x2  
  95  6:52  Barracks Reactor x2  
  95  6:54  Supply Depot  
  97  6:58  Medivac  
  97  6:59  Marine x2  
  101  7:06  Supply Depot  
  101  7:07  Marine x2  
  103  7:11  Medivac  
  103  7:15  Command Center  
  105  7:17  Marine x2  
  105  7:22  Siege Tank  
  110  7:24  Marine  
  110  7:25  Marine  
  110  7:28  Marine x3  
  115  7:35  Marine x3  
  118  7:42  Marine x2  
  118  7:43  Medivac x2  
  124  7:46  Terran Infantry Armor Level 1, Marine x2  
  126  7:55  Marine x2  
  126  7:57  SCV  
  126  7:58  Marine  
  129  8:00  SCV  
  131  8:10  Marine x2  
  133  8:15  Marine  
  134  8:23  Marine  
  134  8:24  Marine  
  134  8:26  Siege Tank, Marine  
  137  8:30  Marine x2  
  137  8:31  SCV  
  121  8:36  Marine  
  121  8:38  Marine x2  
  115  8:43  Marine x3  
  115  8:47  Medivac x2  
  122  8:54  Marine  
  122  8:55  Marine  
  124  8:58  Siege Tank  
  127  9:08  Marine  
  123  9:17  Planetary Fortress  
  123  9:18  Marine x5  
  123  9:19  Marine x2  
  123  9:20  Engineering Bay  
  123  9:23  Medivac x2  
  121  9:26  Marine  
  121  9:28  Factory  
  121  9:30  Siege Tank  
  125  9:36  Marine x5  
  119  9:39  Marine x2  
  119  9:44  Marine  
  111  9:54  Marine x5  
  111  9:57  Marine x2  
  118  10:01  Marine  
  118  10:03  Siege Tank  
  118  10:05  SCV  
  123  10:12  Marine x5  
  123  10:13  Factory Tech Lab  
  128  10:14  Marine x2  
  128  10:19  Marine  
  122  10:29  Marine x2  
  122  10:30  Marine x3  
  122  10:32  Marine x2  
  122  10:34  Siege Tank  
  122  10:35  Siege Tank  
  135  10:37  Marine  
  126  10:47  Marine x3  
  126  10:48  Marine x2  
  115  10:50  Marine x2  
  115  10:55  Marine  
  92  11:04  Medivac x2  
  92  11:05  Marine x5  
  92  11:07  Siege Tank  
  92  11:08  Marine x2  
  107  11:13  Marine  
  104  11:23  Marine x5  
  109  11:26  Marine x2  
  109  11:28  Armory  
  109  11:30  Marine  
  106  11:41  Siege Tank, Marine x5  
  106  11:42  Factory Tech Lab  
  106  11:43  Marine  
  106  11:44  Marine  
  116  11:48  Marine  
  109  11:58  Marine x2  
  109  11:59  Marine x3  
  114  12:01  Marine x2  
  114  12:06  Marine  
  117  12:11  SCV  
  101  12:16  Marine x2  
  101  12:17  Marine x3  
  101  12:19  Marine x2  
  99  12:24  Marine  
  99  12:25  Orbital Command  
  93  12:34  Marine x4  
  98  12:40  Siege Tank  
  98  12:41  Marine  
  98  12:44  Marine  
  101  12:47  Marine  
  104  12:55  Marine x2  
  106  13:03  Marine  
  106  13:04  Factory  
  106  13:06  Marine x2  
  106  13:09  Marine  
  109  13:17  Siege Tank  
  99  13:36  Marine x4  
  106  13:49  Siege Tank  
  109  13:58  Marine x2  
  102  14:20  Marine x2  
  102  14:22  Marine  
  102  14:23  Marine  
Show
View Real Time Build Order
Export as new Build Order

HeroMarine Terran - Winner!

Build Orders: Bio Tank, MMM Bio 

Get SALT Encoding   

  12  0:00  SCV  
  13  0:12  SCV  
  14  0:18  Supply Depot  
  14  0:25  SCV  
  15  0:29  Refinery  
  15  0:39  SCV  
  16  0:45  Barracks  
  16  0:51  SCV  
  17  1:03  SCV  
  18  1:16  SCV  
  19  1:32  Marine, Orbital Command  
  20  1:34  Factory  
  20  1:43  Supply Depot  
  20  1:50  Reaper  
  21  1:57  SCV  
  22  2:09  SCV  
  23  2:18  Hellion  
  23  2:21  SCV  
  23  2:22  Reaper  
  27  2:25  Command Center  
  27  2:33  SCV  
  27  2:36  Supply Depot  
  28  2:42  Hellion  
  29  2:46  SCV  
  29  2:49  Refinery  
  30  2:54  Reaper  
  30  2:58  SCV  
  32  3:10  SCV  
  32  3:11  Hellion  
  35  3:15  Starport  
  35  3:22  SCV  
  35  3:28  Barracks Reactor  
  35  3:34  SCV  
  35  3:35  Factory Tech Lab  
  35  3:38  Orbital Command  
  36  3:46  SCV  
  36  3:58  SCV  
  36  3:59  Orbital Command  
  36  4:00  Supply Depot  
  37  4:05  Factory Tech Lab  
  37  4:06  Raven, Marine x2  
  41  4:10  SCV  
  41  4:16  Barracks  
  41  4:17  Barracks  
  41  4:22  SCV  
  41  4:23  Marine  
  41  4:24  SCV, Marine  
  45  4:34  Siege Tank  
  45  4:35  SCV  
  45  4:36  SCV  
  45  4:37  Supply Depot  
  50  4:41  Engineering Bay  
  50  4:47  SCV  
  50  4:48  SCV  
  50  4:49  Marine x2  
  54  4:56  Supply Depot  
  54  4:59  SCV, Viking  
  57  5:00  SCV  
  57  5:08  Siege Tank  
  58  5:14  SCV x2  
  58  5:21  Marine  
  58  5:23  Marine  
  58  5:26  SCV x2  
  60  5:30  Marine  
  59  5:35  Starport Reactor  
  59  5:38  SCV x2  
  61  5:45  Stimpack  
  61  5:49  Marine  
  62  5:50  SCV x2, Refinery, Marine  
  62  5:52  Supply Depot  
  62  5:53  Marine  
  66  5:59  Terran Infantry Weapons Level 1  
  66  6:01  Marine  
  66  6:02  SCV  
  66  6:03  SCV  
  69  6:05  Refinery  
  69  6:07  Marine  
  69  6:08  Supply Depot  
  70  6:11  Marine  
  70  6:14  SCV  
  70  6:17  SCV  
  74  6:18  Supply Depot  
  74  6:23  Barracks Reactor  
  73  6:27  SCV  
  73  6:29  Barracks  
  73  6:31  Marine  
  73  6:32  Barracks, Marine x2  
  75  6:38  Medivac  
  77  6:41  Medivac  
  79  6:47  Supply Depot  
  79  6:49  Supply Depot, Marine  
  79  6:50  Marine x2  
  82  6:56  Siege Tank  
  85  7:03  Marine x2  
  86  7:08  Supply Depot, Medivac  
  86  7:11  Medivac, Marine x2  
  86  7:13  Marine  
  93  7:17  Barracks Reactor  
  93  7:19  Barracks Reactor  
  93  7:21  Marine x2  
  95  7:29  Marine x2  
  97  7:35  Supply Depot  
  97  7:39  Command Center  
  97  7:42  Marine x2  
  102  7:44  Siege Tank, Marine  
  102  7:46  Combat Shields  
  102  7:47  Marine  
  104  7:52  Marine  
  104  7:53  Marine  
  104  7:54  Marine  
  104  7:56  Marine x2  
  104  8:00  Marine  
  104  8:03  Marine  
  104  8:05  Marine x2  
  107  8:09  Marine  
  107  8:10  Medivac x2  
  107  8:11  Marine x2  
  115  8:14  Marine  
  115  8:16  Marine  
  117  8:21  Marine  
  117  8:23  Factory Tech Lab  
  118  8:27  Marine  
  118  8:30  Marine  
  118  8:31  Marine  
  118  8:32  Marine  
  94  8:34  Marine  
  94  8:37  Marine  
  94  8:38  Marine  
  94  8:39  Marine  
  84  8:43  Siege Tank  
  84  8:44  Medivac x2  
  84  8:45  Marine  
  84  8:48  Marine  
  93  8:49  Terran Infantry Armor Level 1, Marine x2  
  93  8:52  Marine  
  93  8:53  Orbital Command  
  96  8:56  Marine  
  96  8:57  Marine  
  97  9:06  Marine x2  
  97  9:07  Marine  
  97  9:08  Marine x2  
  100  9:10  Marine  
  100  9:13  Marine  
  100  9:16  Marine  
  89  9:24  Marine  
  89  9:26  SCV x2  
  89  9:27  Siege Tank, Marine  
  89  9:29  Marine  
  89  9:30  SCV  
  98  9:36  Marine  
  98  9:37  Marine  
  95  9:39  Marine x3  
  95  9:42  Marine  
  95  9:45  Marine  
  99  9:49  Marine  
  101  9:54  Marine x2  
  101  9:56  Armory, Marine  
  101  9:57  Medivac x2, Marine  
  101  9:58  Orbital Command  
  109  10:00  Supply Depot  
  109  10:07  Marine  
  109  10:13  Marine x4  
  114  10:20  Marine x2  
  116  10:22  Marine  
  117  10:32  Siege Tank, Medivac x2  
  123  10:37  Marine x4  
  123  10:38  Marine x2  
  123  10:39  Marine  
  123  10:40  Marine  
  123  10:46  Factory  
  123  10:49  SCV x2  
  119  10:51  SCV  
  119  10:55  Marine x5  
  119  10:56  Marine x2  
  116  10:58  Marine  
  116  11:04  Siege Tank  
  119  11:12  Marine  
  119  11:13  Marine x3  
  122  11:19  Terran Infantry Weapons Level 2  
  122  11:24  Supply Depot  
  122  11:31  Marine  
  121  11:34  Marine  
  121  11:36  Siege Tank  
  125  11:45  Marine  
  126  11:51  Marine  
  126  11:52  Marine x3  
  130  11:57  Marine x2  
  130  11:58  Marine  
  130  12:00  Factory Tech Lab  
  131  12:03  Marine  
  131  12:07  Engineering Bay  
  131  12:08  Siege Tank, Marine  
  131  12:10  Marine  
  131  12:14  Marine x3  
  131  12:15  Marine  
  123  12:16  Marine  
  123  12:21  Marine  
  111  12:26  Marine  
  111  12:28  Marine  
  104  12:30  Siege Tank  
  104  12:31  Marine  
  104  12:32  Marine x2  
  104  12:33  Marine  
  104  12:34  Marine  
  112  12:39  Marine  
  110  12:44  Siege Tank, Marine  
  110  12:45  Marine  
  110  12:49  Marine x2  
  110  12:50  Barracks, Marine  
  118  12:54  Sensor Tower  
  118  12:55  Marine x2  
  120  13:02  Siege Tank, Marine  
  120  13:03  Marine x2  
  126  13:07  Marine x2  
  128  13:16  Marine x3  
  130  13:27  Marine x2  
  130  13:29  Marine  
  130  13:31  Marine x2  
  125  13:34  Marine  
  125  13:35  Marine x2  
  125  13:40  Marine  
  129  13:44  Marine  
  129  13:45  Marine  
  129  13:47  Marine  
  132  13:49  Marine  
  132  13:50  Siege Tank x2  
  139  14:00  Marine x3  
  142  14:14  Marine  
  140  14:24  Marine x3  
Tags
 
Add a new tag
Caveats
  • Supply blocks, unpowered buildings, or Contaminate may cause inaccurate times.
  • Supply counts are checked every 10 seconds.